[Event "US Masters 2022"]
[Site "Charlotte"]
[Date "2022.11.25"]
[Round "4.24"]
[White "Chiku-Ratte, Olivier-Kenta"]
[Black "Theodorou, Nikolas"]
[Result "0-1"]
[ECO "E24"]
[WhiteElo "2344"]
[BlackElo "2598"]
[Annotator "TA"]
[PlyCount "74"]
[EventDate "2022.11.23"]
[EventType "swiss"]
[EventCountry "USA"]
[SourceTitle "playchess.com"]
[Source "ChessBase"]
[SourceQuality "1"]
[TimeControl "5400+30"]

1. d4 Nf6 2. c4 e6 3. Nc3 Bb4 4. a3 Bxc3+ 5. bxc3 c5 6. f3 Nc6 {[%emt 0:00:10] now supersedes 6...d5.} 7. e4 d6 8. d5 {[%emt 0:04:24] E24: Nimzo-Indian: Sämisch: Unusual Black 5th moves and 5...c5 sidelines.} Ne5 (8... Na5 $5 ) 9. f4 Ng6 {[%emt 0:01:39] Pair of Knights!} 10. Bd3 (10. dxe6 $11 Nxe4 11. Bd3 (11. exf7+ Kf8 $15)) 10... exd5 $15 {[%emt 0:06:35] [#]} 11. exd5 $146 ({Predecessor:} 11. cxd5 O-O 12. Ne2 Bg4 13. O-O Re8 14. h3 Bxe2 15. Qxe2 Nxe4 16. f5 Nf6 17. Qf2 Ne5 18. Bb5 Nfd7 19. Bf4 f6 20. Rab1 {½-½ (20) Sagalchik,G (2491)-Dorin,M (2395) Buenos Aires 2003}) 11... O-O {[%emt 0:00:24] Strongly threatening ...Nh4.} (11... Bg4 {seems wilder.} 12. Ne2 Nh5 13. O-O O-O) 12. Ne2 $1 Re8 (12... Bg4 $5 ) 13. O-O Bg4 14. Qc2 b5 (14... Nh5 {looks sharper.} 15. Ra2 Qe7 16. Rf2 Qh4) 15. Ng3 bxc4 16. Bxc4 Qa5 17. h3 Bd7 18. Kh2 Rab8 19. a4 h5 {[%emt 0:02:31][%cal Bh7h5,Bh5h4][%mdl 32] Black is much more active.} 20. Bd3 $1 h4 {[%emt 0:01:43] Prevents c4.} 21. Ne4 Nxe4 (21... Nxd5 22. Nxd6 Qxc3 23. Qxc3 Nxc3 24. Ra3 $18) 22. Bxe4 f5 (22... Rxe4 $11 23. Qxe4 Qxc3) 23. Bd3 c4 $1 24. Bxf5 (24. Bxc4 {simplifies} Rbc8 25. Be2 Qxc3 26. Qxc3 Rxc3 27. Bh5) 24... Bxf5 25. Qxf5 Qxc3 26. Ra3 Qf6 27. Qc2 Rb4 ({Black should play} 27... Ne7 $11) 28. Rc3 Rc8 (28... Re2 29. Qxe2 Qxc3 30. Qe6+ Kh7 31. f5 Qe5+ 32. Kg1 $16) 29. Re1 {[%emt 0:00:31] [#] Hoping for Re6.} Ne7 30. Ba3 (30. Re4 {simplifies} Nf5 31. Rcxc4 Rcxc4 32. Rxc4 Rxc4 33. Qxc4 Ng3 34. Ba3) 30... Rb3 31. Rxb3 cxb3 32. Qxb3 Qxf4+ 33. Kg1 $1 (33. Kh1 Nf5 34. Qb4 Qf2 $19) 33... Nf5 34. Qd3 Ng3 35. Qg6 {[%emt 0:00:32] Threatens to win with Qe6+.} Rf8 {[%emt 0:02:17][%cal Of4f1] ( -> ...Qf1+!)} (35... Qxa4 $2 36. Qe6+ (36. Bxd6 Qd4+ 37. Kh2 Qf6 $16) 36... Kh7 37. Qxc8 $18) 36. Qd3 {[%emt 0:01:14][%mdl 8192] [#] Inhibits Qf1+.} (36. Bxd6 Qf2+ 37. Kh2 Qxe1 $19) (36. Qe6+ $11 Kh7 37. Bxd6 Qf2+ 38. Kh2) 36... Rc8 $2 ({Not} 36... Qxa4 37. Bxd6 Qa5 38. Rc1 $14) (36... Qf2+ {mates} 37. Kh2 Qxe1 38. Qb1 Qxb1 39. Bc1 Qxc1 40. a5 Qh1#) 37. Qf3 Qd4+ {[%emt 0:00:30][%mdl 32768] Weighted Error Value: White=0.22 (precise) /Black=0.28 (precise) . Loss on time!?} 0-1

[Event "US Masters 2022"]
[Site "Charlotte"]
[Date "2022.11.26"]
[Round "5.1"]
[White "Naroditsky, Daniel"]
[Black "Cordova, Emilio"]
[Result "1/2-1/2"]
[ECO "B30"]
[WhiteElo "2617"]
[BlackElo "2561"]
[Annotator "TA"]
[PlyCount "41"]
[EventDate "2022.11.23"]
[EventType "swiss"]
[EventCountry "USA"]
[SourceTitle "playchess.com"]
[Source "ChessBase"]
[SourceQuality "1"]
[TimeControl "5400+30"]

1. e4 c5 2. Nf3 Nc6 3. Bb5 e6 4. O-O Nge7 5. d4 cxd4 6. Nxd4 Qb6 {[%emt 0:01:15] 6...Qb6 was played by the boomers.} 7. Nxc6 {[%emt 0:00:48] B30: Sicilian: 2...Nc6 3 Bb5, lines without ...g6.} dxc6 8. Bc4 Ng6 9. Kh1 {[%emt 0:02:49] White has an edge.} e5 {[%emt 0:20:59] [#]} 10. f4 $146 (10. a4 {simplifies} Be7 11. c3 Qc7 12. Be3) ({Predecessor:} 10. Qf3 Qc7 11. Rd1 Nf4 12. Bxf4 exf4 13. e5 Qxe5 14. Qb3 Be7 15. Bxf7+ Kf8 16. Nd2 {½-½ (35) Nataf,I (2483)-Strautins,V (2521) ICCF email 2015}) 10... exf4 11. Bxf4 Be6 (11... Nxf4 $11 12. Rxf4 Be6 13. Bxe6 fxe6) 12. Bxe6 $16 fxe6 {[%emt 0:00:05] [#]} 13. Bg3 Be7 (13... e5 $142) 14. Qg4 {[%emt 0:17:59] Black must now prevent Na3.} Rf8 15. Nd2 {[%emt 0:18:28] Nc4 is the strong threat.} Rxf1+ 16. Rxf1 Qd4 17. Qxe6 Qxd2 $11 {[%emt 0:00:03] The position is equal.} 18. Qg8+ Nf8 {[%emt 0:00:41] [#] And now ...0-0-0 would win.} 19. Qxg7 Qe2 20. Qf7+ Kd7 $1 {[%emt 0:00:05] Hoping for ...Ne6.} 21. Bh4 $2 {[%emt 0:01:55] Weighted Error Value: White=0.19 (very precise) /Black=0.17 (very precise)} (21. Rf2 $11 {and White stays safe.} Qd1+ 22. Rf1 Qxc2 23. Qh5) 1/2-1/2

[Event "US Masters 2022"]
[Site "Charlotte"]
[Date "2022.11.26"]
[Round "5.3"]
[White "Ramirez, Alejandro"]
[Black "Budisavljevic, Luka"]
[Result "1-0"]
[ECO "A13"]
[WhiteElo "2561"]
[BlackElo "2505"]
[Annotator "TA"]
[PlyCount "115"]
[EventDate "2022.11.23"]
[EventType "swiss"]
[EventCountry "USA"]
[SourceTitle "playchess.com"]
[Source "ChessBase"]
[SourceQuality "1"]
[TimeControl "5400+30"]

1. Nf3 d5 2. c4 e6 3. b3 d4 4. g3 c5 5. e3 Nc6 6. exd4 cxd4 7. Bg2 Nf6 8. O-O Bd6 9. d3 O-O {[%emt 0:00:09] A13: English Opening: 1...e6.} 10. Re1 {[%emt 0:00:02] 10.Bg5 is the modern continuation.} h6 11. Ba3 e5 {[%emt 0:00:09] The position is equal.} 12. c5 $5 {[%emt 0:02:51][%mdl 4] Exploring less charted territory.} Bc7 13. Nbd2 {[%emt 0:00:05] [#]} Bf5 $146 ({Predecessor:} 13... Re8 14. b4 a6 15. Nc4 Bf5 16. Nh4 Bh7 17. Bh3 e4 18. Nf5 Ne5 19. Nxe5 Rxe5 20. dxe4 Nxe4 {0-1 (36) Chmiel,M (2232)-Pacan Milej,K (2401) Szklarska Poreba 2021}) 14. Nc4 Re8 15. Rc1 (15. b4 $5 ) 15... Qd7 16. b4 {[%emt 0:03:17] [#] Strongly threatening b5.} a6 17. Qb3 Rad8 18. Nfd2 Bh3 19. Bh1 (19. Bb2 {is interesting.} Nd5 20. Bxh3 Qxh3 21. Nd6) 19... Be6 20. Bb2 Nd5 (20... Nh7 $5 ) 21. a3 f5 22. Qd1 Bf7 23. Bg2 Nf6 24. Bh3 Be6 25. Bg2 Bd5 26. Bh3 Be6 (26... Rf8 $17) 27. Bg2 $11 Bd5 (27... Nh7 $11) 28. Bh3 $1 $17 g5 (28... Nh7 $5) 29. Ne4 $1 Nxe4 30. dxe4 Bxc4 31. Rxc4 g4 32. Bf1 f4 33. a4 f3 34. b5 axb5 ({Black should try} 34... Na5 $1 $14) 35. axb5 $18 Ne7 36. Ra4 Kg7 37. Ra7 Qc8 {[%emt 0:01:29] [#]} 38. Ba3 $1 Bb8 39. Ra8 Qe6 {[%emt 0:00:42] Against Qb3} 40. Qd2 Rc8 41. Bb4 Ng6 42. Qa2 ({Better is} 42. h3 $18) 42... Qe7 $2 {[%emt 0:03:20] A mistake that costs the game.} (42... Qxa2 $16 43. Rxa2 Nf8) 43. Rb1 h5 $2 (43... Rxc5 {was worth a try.} 44. Qa3 (44. Bxc5 Qxc5 45. b6 Nf8 $18) 44... b6 45. Bxc5 bxc5) 44. c6 Qc7 45. h4 b6 46. Bd2 Nf8 47. Bc4 {[%emt 0:00:36] Inhibits Ne6.} Nh7 48. Bc1 {[%emt 0:00:29] And now Qd2 would win.} Qe7 (48... Kh8 $142 49. Bf7 Rf8) 49. Qd2 Qd6 {[%emt 0:00:22] Against Qh6+} 50. Rba1 Qg6 51. R1a6 Bc7 52. Rxc8 Rxc8 53. Ra7 {[%emt 0:00:12] Threatens to win with Qa2.} Kh8 54. Qh6 Qxe4 55. Qe6 {[%emt 0:00:33] White mates.} Rf8 56. Rxc7 Qe1+ 57. Bf1 Qxc1 58. Qg6 {[%emt 0:00:20] Weighted Error Value: White=0.11 (very precise) /Black=0.40} 1-0

[Event "US Masters 2022"]
[Site "Charlotte"]
[Date "2022.11.26"]
[Round "5.4"]
[White "Cruz, Cristhian"]
[Black "Beradze, Irakli"]
[Result "1/2-1/2"]
[ECO "D46"]
[WhiteElo "2552"]
[BlackElo "2494"]
[Annotator "TA"]
[PlyCount "67"]
[EventDate "2022.11.23"]
[EventType "swiss"]
[EventCountry "USA"]
[SourceTitle "playchess.com"]
[Source "ChessBase"]
[SourceQuality "1"]
[TimeControl "5400+30"]

1. c4 e6 2. d4 d5 3. Nc3 c6 4. e3 Nf6 5. Nf3 Nbd7 6. Qc2 Bd6 7. Bd3 O-O 8. O-O dxc4 9. Bxc4 b5 10. Bd3 Bb7 11. a3 a6 {[%emt 0:00:08] 11...Rc8 is a critical line.} 12. Ng5 {[%emt 0:04:44][%cal Rd3h7] D46: Semi-Slav: 5 e3 Nbd7 6 Bd3, Black avoids the Meran.} h6 (12... Bxh2+ {with more complications.} 13. Kxh2 Ng4+ 14. Kg1 Qxg5 15. f3 Ngf6) 13. Nge4 Be7 14. Nxf6+ {[%emt 0:03:45] White is slightly better.} Nxf6 {[%emt 0:02:41] The position is equal.} 15. Ne4 {[%emt 0:02:35] Prevents c5.} Nxe4 16. Bxe4 a5 17. Bd2 (17. Bxc6 $2 Rc8 18. Bd2 Rxc6 $19) 17... b4 {[%emt 0:00:11] [#]} 18. Rfc1 $146 (18. Bxc6 $2 Rc8 19. d5 exd5 20. axb4 Rxc6 $19) ({Predecessor:} 18. f4 Qb6 19. f5 exf5 20. Rxf5 g6 21. Rff1 Kg7 22. Bf3 Rac8 23. Kh1 Bd6 24. axb4 axb4 {½-½ (40) Krumm,G (1819)-Schmidt,J (1903) GER email 2018}) 18... Qb6 19. Qa4 (19. Bxc6 $2 Rfc8 20. Qa4 (20. d5 $2 exd5 21. Qd3 Bxc6 $19) 20... Bxc6 $19) 19... Rfc8 20. Rc2 c5 21. Bxb7 Qxb7 22. dxc5 Bxc5 23. Rac1 Bf8 24. Rxc8 Rxc8 25. Rxc8 (25. Qxa5 $2 {loses.} Rxc1+ 26. Bxc1 Qc8 $19) 25... Qxc8 $11 {[%emt 0:00:03][%mdl 4096] Endgame KQB-KQB} 26. Kf1 (26. Qxa5 $2 {perishes.} Qc2 27. Bxb4 (27. Be1 $2 Qd1 $19) 27... Bxb4 28. Qa8+ Kh7 $19) 26... Qc4+ 27. Ke1 Qd5 28. g3 Qf5 {[%emt 0:08:04] [#] Threatens to win with ...Qb1+.} 29. Ke2 Qh5+ 30. Ke1 Qf5 {[%emt 0:01:29] aiming for ...Qb1+.} 31. Ke2 bxa3 32. bxa3 Qc5 33. Qxa5 Qxa5 34. Bxa5 {[%emt 0:00:06] Weighted Error Value: White=0.02 (flawless) /Black=0.02 (flawless)} 1/2-1/2

[Event "US Masters 2022"]
[Site "Charlotte"]
[Date "2022.11.26"]
[Round "5.5"]
[White "Grinberg, Eyal"]
[Black "Macieja, Bartlomiej"]
[Result "1/2-1/2"]
[ECO "B84"]
[WhiteElo "2491"]
[BlackElo "2514"]
[Annotator "TA"]
[PlyCount "116"]
[EventDate "2022.11.23"]
[EventType "swiss"]
[EventCountry "USA"]
[SourceTitle "playchess.com"]
[Source "ChessBase"]
[SourceQuality "1"]
[TimeControl "5400+30"]

1. e4 {[%emt 0:08:59] ChessBase II} c5 2. Nf3 d6 3. d4 cxd4 4. Nxd4 Nf6 5. Nc3 a6 6. Be2 e6 7. O-O Be7 8. f4 O-O 9. Kh1 Qc7 10. Qe1 b5 11. a3 Bb7 12. Bf3 Nc6 13. Be3 Na5 {[%emt 0:11:08] B84: Sicilian Scheveningen: 6 Be2 a6, lines without early Be3.} 14. Rd1 Rac8 15. Bc1 Rfe8 {[%emt 0:09:15] [#] Black has an edge.} 16. Qg3 $146 ({Predecessor:} 16. f5 e5 17. Nde2 Nc4 18. b3 Nb6 19. Qg3 Bf8 20. Qh4 Qd8 21. g4 d5 22. g5 dxe4 23. Nxe4 {1-0 (51) Marcinkiewicz,A (2370)-Jardorf,S (2484) ICCF email 2000 Corr 2008 [ChessBase II]}) 16... Bf8 17. e5 dxe5 18. fxe5 Nd7 19. Bxb7 Qxb7 20. Nf3 {[%emt 0:04:05] White is more active.} Nc4 21. Rd4 (21. Rde1 $16) 21... f5 $1 $11 {[%emt 0:05:38][%cal Oc4a3] Prevents Ne4.} 22. exf6 Nxf6 23. Ng5 {[%emt 0:03:10][%cal Of1f6] aiming for Rxf6!} e5 24. Rh4 {[%emt 0:02:12][%cal Og5h7] Hoping for Nxh7!} Rc6 $1 25. Nce4 Nxe4 (25... h6 $2 26. Nxf6+ Rxf6 27. Rxf6 $18) (25... Qd7 $5) 26. Nxe4 {[%emt 0:00:24] And now Qd3 would win.} Be7 $2 {[%emt 0:00:00][%mdl 8192] [#]} (26... Qd7 $1 $14) 27. Rg4 (27. Rxh7 $142 $3 Kxh7 28. Rf7) 27... Bd8 28. b3 $2 (28. Qd3 $1 $18) 28... Nd6 29. Bh6 (29. Qf3 Nxe4 30. Qxe4 Rf6 $1 $11) 29... Nf5 30. Rxf5 Rxh6 31. Qd3 Qc8 $132 {[%emt 0:01:08][%mdl 2048] Black is fighting back} 32. Qd5+ (32. Nd6 $2 {[#]} Rxd6 $1 33. Qxd6 Qxf5 $19) 32... Qe6 $1 33. c4 {[%emt 0:00:27] Chess con chili.} (33. Qb7 $2 Re7 $19) 33... bxc4 34. bxc4 ({Avoid the trap} 34. Qb7 $2 Re7 35. Qb8 Rd7 $19) 34... Kh8 35. Qxe6 ({Much worse is} 35. Qb7 Be7 36. Rf1 Qxg4 $17) 35... Rhxe6 36. Rf7 g6 37. c5 Be7 38. Rg3 Rd8 {[%emt 0:00:58] ( -> ...Rd1+)} 39. Rf1 {[%emt 0:00:40] Inhibits Rd1.} Rd4 40. Re3 Rc4 41. g3 Bxc5 (41... Kg7 $15) 42. Nxc5 Rxc5 $15 {[%emt 0:00:01][%mdl 4096] Endgame KRR-KRR} 43. Rf7 $1 Kg8 44. Ra7 Rec6 45. Rd3 Rc7 46. Rxa6 Rc2 {[%emt 0:00:07] Strongly threatening ...Re2.} 47. Rad6 Kf7 48. Rd7+ Ke6 49. Rxc7 Rxc7 $11 {[%emt 0:00:30] KR-KR} 50. Rd1 $1 Rc2 51. Rd3 (51. Ra1 $11) 51... Rc7 ({Black should play} 51... e4 $17 52. Rb3 Kd5) 52. Rd1 {[%emt 0:00:00] The position is equal.} Rc2 53. Ra1 {[%emt 0:00:00] Prevents Ra2.} e4 54. a4 e3 55. Kg1 Kd6 56. a5 {[%emt 0:00:00] Threatens to win with a6.} Rd2 57. Re1 (57. a6 $5 e2 $8 58. Re1 $11 (58. Kf2 $2 Rd1 $19)) 57... Ra2 58. Rxe3 Rxa5 {[%emt 0:00:33] Weighted Error Value: White=0.17 (very precise) /Black=0.15 (very precise)} 1/2-1/2

[Event "US Masters 2022"]
[Site "Charlotte"]
[Date "2022.11.26"]
[Round "5.6"]
[White "Hambleton, Aman"]
[Black "Aaron, Deepak"]
[Result "1/2-1/2"]
[ECO "E39"]
[WhiteElo "2437"]
[BlackElo "2305"]
[Annotator "TA"]
[PlyCount "146"]
[EventDate "2022.11.23"]
[EventType "swiss"]
[EventCountry "USA"]
[SourceTitle "playchess.com"]
[Source "ChessBase"]
[SourceQuality "1"]
[TimeControl "5400+30"]

1. d4 e6 2. c4 Nf6 3. Nc3 Bb4 4. Qc2 O-O 5. Nf3 c5 6. dxc5 Na6 7. g3 Nxc5 8. Bg2 Nce4 9. O-O Bxc3 {[%emt 0:05:33] E39: Nimzo-Indian: Classical: 4...c5 5 dxc5 0-0.} 10. bxc3 Qa5 {[%emt 0:03:41] Prevents Ng5.} 11. Nd4 d5 12. cxd5 exd5 13. c4 Qc5 (13... Bd7 $11) 14. Bb2 $16 Qxc4 15. Qxc4 dxc4 16. Rfc1 Bd7 17. Rxc4 (17. f3 $5 Nc5 18. Rxc4 $16) 17... Rac8 {[%emt 0:03:03] [#] Inhibits Rc7.} 18. Rb4 $146 ({Predecessor:} 18. Rac1 Nd6 19. Rxc8 Rxc8 20. Rxc8+ Bxc8 21. Ba3 Nde4 22. Bb4 b6 23. f3 Nd5 24. Be1 {½-½ (43) Goryachkina,A (2452)-Warakomska,A (2343) Riga 2017}) 18... b5 19. Bxe4 {[%emt 0:12:04] This pair of bishops is nice.} a5 {[%emt 0:01:11] [#]} 20. Bxh7+ $1 Kxh7 21. Rb3 a4 22. Rd3 b4 23. f3 Rc4 24. Bc1 Bc8 25. Bg5 Nd5 26. Bd2 (26. Kf2 $5) 26... Ba6 27. Be1 Rfc8 28. Kf2 R4c5 {[%emt 0:06:23] Inhibits h4.} 29. Rdd1 Nc3 {[%emt 0:00:55] Prevents Rab1.} 30. Bxc3 Rxc3 31. Rab1 R8c4 32. Rd2 (32. h4 $16) 32... Rc1 $11 33. Rxc1 Rxc1 {[%emt 0:00:01][%mdl 4096] Endgame KRB-KRN} 34. Rb2 Rc4 35. Ke3 a3 36. Rc2 Kg6 37. h4 f5 38. g4 fxg4 39. fxg4 Kf6 40. Rd2 Ke5 41. Nf3+ Ke6 42. Nd4+ Kd5 43. h5 Rc3+ 44. Kf4 Kc4 {[%emt 0:00:51] Prevents Nb5.} 45. e3 {[%emt 0:00:53] Strongly threatening g5.} (45. Rd1 $5 ) 45... Rc1 {[%emt 0:00:24] The position is equal.} 46. Rh2 Rf1+ 47. Ke5 (47. Ke4 $5 Bb7+ $8 48. Ke5 $11) 47... Kd3 48. g5 Rg1 49. Kf4 Rf1+ 50. Ke5 Rg1 51. Ne6 Bc4 {[%emt 0:01:00] And now ...Bxe6 would win.} 52. h6 gxh6 {[%emt 0:00:14] ...Bxe6 is the strong threat.} 53. gxh6 {[%emt 0:00:14] h7 would kill now.} Rg8 $1 {[%emt 0:00:13][%cal Og8e8] Threatens to win with ...Re8!} 54. h7 (54. Nc5+ {simplifies} Kc3 55. Na4+ Kd3 56. e4) 54... Rh8 55. e4 {[%emt 0:00:35] aiming for Nf4+.} Bxa2 {[%emt 0:00:41][%mdl 64] [#]} 56. Rxa2 Rxh7 {[%emt 0:00:01] KRN-KR} (56... Kc4 {looks sharper.} 57. Rc2+ Kd3 58. Rc1 Rxh7 59. Nc5+ Kd2) 57. Nf4+ Kc4 58. Nd5 Ra7 {[%emt 0:00:40] Hoping for ...b3.} 59. Nxb4 Kxb4 {[%emt 0:00:01] KR-KR} 60. Kd6 Kb3 61. Ra1 Kb2 62. Re1 Ra6+ 63. Kd7 Ra4 64. e5 Rd4+ 65. Kc7 Rc4+ 66. Kd7 a2 {[%emt 0:00:11][%cal Oc4e4] White must now prevent ...Re4!} 67. e6 Rd4+ (67... a1=B 68. e7 Ka3 69. Rxa1+ (69. e8=R Bb2 $14) 69... Kb2 70. Re1 (70. e8=R Kxa1 71. Rh8 Kb2 $11) 70... Rd4+ 71. Ke6 Kc3 72. e8=Q) 68. Ke7 a1=R 69. Rxa1 Kxa1 70. Kf7 Rf4+ 71. Kg7 Re4 72. Kf7 Rxe6 73. Kxe6 Kb2 {[%emt 0:01:32] Weighted Error Value: White=0.06 (flawless) /Black=0.04 (flawless)} 1/2-1/2

[Event "US Masters 2022"]
[Site "Charlotte"]
[Date "2022.11.26"]
[Round "5.7"]
[White "Negi, Parimarjan"]
[Black "Neef, Maximilian"]
[Result "1/2-1/2"]
[ECO "C01"]
[WhiteElo "2639"]
[BlackElo "2481"]
[Annotator "TA"]
[PlyCount "135"]
[EventDate "2022.11.23"]
[EventType "swiss"]
[EventCountry "USA"]
[SourceTitle "playchess.com"]
[Source "ChessBase"]
[SourceQuality "1"]
[TimeControl "5400+30"]

1. e4 e6 2. d4 d5 3. exd5 exd5 4. Nc3 c6 5. Bd3 Bd6 6. Nge2 Ne7 7. Ng3 {[%emt 0:00:33] C01: French: Exchange Variation.} O-O 8. O-O {[%emt 0:01:04] [#]} f5 $146 {[%emt 0:07:10] Black wants to play ...f4.} ({Predecessor:} 8... b6 9. Qh5 f5 10. f4 Ba6 11. Bxa6 Nxa6 12. Qe2 Nc7 13. Nd1 Qd7 14. Qd3 Ne6 15. b3 Nxd4 {0-1 (59) Fomin,P-Fedukin,A (1852) Saratov 2013}) 9. Bg5 {[%emt 0:33:55] Black has an edge.} h6 10. Bxe7 Qxe7 11. Qh5 Qf6 12. Rae1 Na6 (12... Qxd4 13. Nxf5 (13. Bxf5 Bxg3 14. Bxc8 Bxf2+ 15. Kh1 Nd7 $15) 13... Bxf5 14. Bxf5 $14) 13. Nge2 (13. Re8 $142) 13... Nc7 (13... Nb4 $142 {And now ...Nxd3 would win.} 14. f4 Nxd3 15. cxd3 b6) 14. Nb1 Ne6 15. c3 Ng5 (15... g5 $17 {...Ng7 is the strong threat.} 16. g3 Ng7) 16. f4 (16. Bc2 $15) 16... Ne4 $17 17. Rd1 Be6 18. Nd2 Rf7 (18... g5 $17) 19. Nf3 $15 g6 20. Qh3 (20. Qxh6 $2 Rh7 $19) 20... g5 21. Ne5 Rg7 (21... g4 $5 22. Qh5 Rg7 $11) 22. Qe3 (22. fxg5 {is more complex.} Rxg5 23. Nf4 Kh7 24. Kh1) 22... Rf8 (22... g4 {is interesting.} 23. Ng3 Rh7 24. Nh5 Qh4) 23. Bxe4 dxe4 24. b3 Kh7 25. Ng3 gxf4 26. Rxf4 Qg5 27. Rdf1 h5 (27... Rd8 $11) 28. Qe2 $16 Rfg8 $2 (28... Kg8 $16) 29. Kh1 (29. Nxh5 Qxg2+ 30. Qxg2 Rxg2+ 31. Kh1 Be7 $19) (29. h4 Qh6 30. Nxf5 Bxf5 31. Rxf5 Bxe5 32. dxe5 (32. Rxe5 Rxg2+ 33. Qxg2 Rxg2+ 34. Kxg2 Qd2+ 35. Kh1 Qe2 $11) 32... Rxg2+ 33. Qxg2 Rxg2+ 34. Kxg2 Qd2+ 35. Kh1 e3 $11) 29... Bxe5 30. dxe5 h4 31. Nxf5 ({Worse is} 31. Nxe4 fxe4 32. Qxe4+ Rg6 $17) 31... Bxf5 32. Rxf5 Qxg2+ 33. Qxg2 {[%emt 0:00:01] The board is on fire.} Rxg2 $18 {[%emt 0:00:01][%mdl 4096] Endgame KRR-KRR} 34. Rh5+ Kg6 35. Rxh4 Rg5 36. Rxe4 {[%emt 0:00:04] Threatens to win with e6.} Re8 37. e6 Re7 38. Rg1 {[%emt 0:02:16] Black must now prevent Rxg5+.} Kf5 39. Re2 Rh5 (39... Rxg1+ $2 40. Kxg1 Kf6 41. Kg2) 40. Rf1+ Kg6 41. Rd1 Kf6 42. Rf1+ Kg6 $1 43. Rg2+ Kh7 44. Re1 ({Resist} 44. Rf7+ $6 Rxf7 45. exf7 Rf5 $16) 44... Rh6 45. Rge2 Kg7 46. a4 b6 47. Rd2 Rhxe6 $2 (47... Rh3 $16 {was necessary.}) 48. Rxe6 Rxe6 $16 {[%emt 0:00:02] KR-KR} 49. Rd7+ Kf6 50. Rxa7 Re3 $2 (50... Ke5 51. b4 c5) 51. Ra6 $18 Rxc3 52. Rxb6 Ke5 53. Kg2 c5 (53... Rc2+ $142 54. Kg3 c5) 54. a5 Kf4 55. a6 Rc2+ 56. Kh3 {[%emt 0:00:26] Hoping for Rb8.} Ra2 57. Rc6 Ra3 58. Rxc5 {[%emt 0:00:49] aiming for Rc4+.} Rxb3+ $2 (58... Rxa6 59. b4 Ra2 60. Rc4+ Kg5 61. Rg4+ Kf5) 59. Kh4 $1 Ra3 {[%emt 0:00:37] [#] Inhibits Ra5.} 60. Rc6 $2 (60. Rc4+ $1 $18 Kf5 61. Rc6) 60... Ra5 61. h3 Ra3 $1 62. Rb6 Kf5 $1 63. Rc6 Kf4 $1 64. Rf6+ Ke5 65. Rh6 Kf5 66. Rb6 Kf4 67. Rg6 Kf5 {[%emt 0:00:55] [#]} 68. Rc6 $2 {[%emt 0:00:06] Weighted Error Value: White=0.17 (very precise) /Black=0.25 (precise)} ({White has to play} 68. Rh6 $1 $18) 1/2-1/2

[Event "US Masters 2022"]
[Site "Charlotte"]
[Date "2022.11.26"]
[Round "5.8"]
[White "Chandra, Akshat"]
[Black "Liang, Awonder"]
[Result "0-1"]
[ECO "C77"]
[WhiteElo "2472"]
[BlackElo "2630"]
[Annotator "TA"]
[PlyCount "78"]
[EventDate "2022.11.23"]
[EventType "swiss"]
[EventCountry "USA"]
[SourceTitle "playchess.com"]
[Source "ChessBase"]
[SourceQuality "1"]
[TimeControl "5400+30"]

1. e4 e5 2. Nf3 Nc6 3. Bb5 a6 4. Ba4 Nf6 5. O-O Be7 6. d3 b5 7. Bb3 d6 8. a3 O-O 9. Nc3 Be6 {[%emt 0:00:13] C77: Ruy Lopez: 3...a6 4 Ba4 Nf6, unusual lines.} 10. Nd5 Bxd5 11. exd5 Nd4 {[%emt 0:00:01] White has an edge.} 12. Nxd4 exd4 {[%emt 0:00:02] [#]} 13. Bg5 $146 ({Predecessor:} 13. c3 dxc3 14. bxc3 Nd7 15. d4 Nb6 16. a4 Bf6 17. Qd3 Qd7 18. axb5 axb5 19. Ba3 g6 20. Bb4 Kg7 21. Rfb1 {½-½ (21) Gharamian,T (2655)-Sokolov,I (2650) Saint Quentin 2014}) 13... h6 14. Bxf6 Bxf6 15. Qg4 g6 16. a4 h5 17. Qh3 Rb8 18. axb5 axb5 19. Rfe1 Kg7 20. g3 (20. f4 $11 {was preferrable.}) 20... Re8 21. Rxe8 Qxe8 22. Kf1 h4 23. Re1 Qh8 24. Kg2 Qh5 25. f4 g5 26. fxg5 Qxg5 27. Kf3 Be5 28. gxh4 (28. Qxh4 $2 {too greedy.} Qf5+ 29. Ke2 (29. Kg2 $2 Rh8 $19) 29... Re8 $19) 28... Qf6+ 29. Kg2 Kh8 30. Kh1 Rg8 31. Rg1 Rxg1+ (31... Qf4 {with more complications.} 32. Rxg8+ Kxg8 33. Kg2 Kh7) 32. Kxg1 $15 {[%emt 0:00:01][%mdl 4096] Endgame KQB-KQB} Bf4 33. Kg2 Qg6+ {[%emt 0:01:21][%mdl 1024] Black has compensation.} (33... Bc1 {simplifies} 34. Qf3 Kg7 35. Qxf6+ Kxf6 36. Kf3 Bxb2 37. Kf4 Bc1+) 34. Kf3 Be3 35. Qc8+ (35. Qg3 $11) 35... Kh7 $17 36. Qg4 Qf6+ 37. Ke4 Kh6 {[%emt 0:02:15] ( -> ...Qf2)} 38. h3 $2 {[%emt 0:00:59][%mdl 8192] [#]} (38. c3 $17) 38... Qf2 $1 39. c4 Bd2 {[%emt 0:01:04] Weighted Error Value: White=0.23 (precise) /Black=0.07 (flawless)} ({Not} 39... Qxb2 40. Bd1 Qh2 41. Qf5 $11) 0-1